 Dungeon Crawl Stone Soup version 0.21-a0-203-gb066a6e (webtiles) character file.

1274 Lavandula the Chiller (level 8, 0/55 HPs)
             Began as a Ghoul Ice Elementalist on Aug 18, 2017.
             Was a Follower of Hepliaklqana.
             Slain by a wolf (7 damage)
             ... on level 9 of the Dungeon on Aug 19, 2017.
             The game lasted 00:22:28 (2587 turns).

Lavandula the Chiller (Ghoul Ice Elementalist)      Turns: 2587, Time: 00:22:29

Health: 0/55       AC:  3    Str: 12    XL:     8   Next: 53%
Magic:  8/12       EV: 11    Int: 12    God:    Hepliaklqana [*.....]
Gold:   333        SH:  0    Dex: 12    Spells: 6/14 levels left

rFire    . . .     SeeInvis .     - Unarmed
rCold    + . .     Gourm    .   (no shield)
rNeg     + + +     Faith    .   j - +0 leather armour
rPois    ∞         Spirit   .   (no helmet)
rElec    .         Reflect  .   (no cloak)
rCorr    .         Harm     .   (no gloves)
MR       .....                  (no boots)
Stlth    ++........             (no amulet)
HPRegen  0.00/turn              m - +3 ring of dexterity
MPRegen  0.13/turn              (no ring)

@: rotting, hasted, very quick
A: rotting body, reduced essence, claws 1, carnivore 3, cold resistance 1,
negative energy resistance 3, inhibited regeneration, torment resistance,
unbreathing
a: Recall Ancestor, Ancestor Identity, Renounce Religion


You were on level 9 of the Dungeon.
You worshipped Hepliaklqana.
Hepliaklqana was aware of your devotion.
You were not hungry.

You visited 2 branches of the dungeon, and saw 10 of its levels.
You also visited: Sewer.

You collected 333 gold pieces.

Inventory:

Missiles
 e - a throwing net (quivered)
 u - 4 javelins
Armour
 a - a +0 robe
 j - a +0 leather armour (worn)
Jewellery
 m - a +3 ring of dexterity (left claw)
Scrolls
 f - 2 scrolls of fear {unknown}
 k - 5 scrolls of teleportation
 l - 2 scrolls of remove curse
 n - a scroll of blinking {sewer, unknown}
 p - 6 scrolls of enchant weapon
 r - 2 scrolls of amnesia {unknown}
 v - a scroll of recharging {unknown}
Potions
 d - a potion of haste
 g - a potion of heal wounds {unknown}
 i - 6 potions of flight
 o - a potion of ambrosia {unknown}
 s - a potion of agility {unknown}
 t - a potion of resistance {unknown}
 w - a potion of degeneration {unknown}
Books
 b - a book of Frost

   Spells                             Type                      Level
   a - Freeze                         Ice                          1
   b - Throw Frost                    Conjuration/Ice              2
   c - Ozocubu's Armour               Charms/Ice                   3
   d - Throw Icicle                   Conjuration/Ice              4
   e - Summon Ice Beast               Ice/Summoning                4
Comestibles
 c - 5 meat rations
 h - 3 royal jellies
 x - 3 chunks of flesh


   Skills:
 - Level 2.8 Fighting
 - Level 1.7 Dodging
 - Level 2.1 Stealth
 - Level 4.6 Unarmed Combat
 + Level 3.6 Spellcasting
   Level 0.7 Conjurations
 - Level 5.3 Summonings
 - Level 5.9 Ice Magic


You had 6 spell levels left.
You knew the following spells:

 Your Spells              Type           Power        Failure   Level  Hunger
a - Freeze                Ice            ###.         2%          1    #......
b - Ozocubu's Armour      Chrm/Ice       #.......     26%         3    ###....
c - Summon Ice Beast      Ice/Summ       ###.....     28%         4    #####..


Dungeon Overview and Level Annotations

Branches:
Dungeon (9/15)             Temple (1/1) D:5
   Lair: D:8-11         Orc: D:9-12

Altars:
Ashenzari
Cheibriados
Dithmenos
Elyvilon
Hepliaklqana
Kikubaaqudgha
Makhleb
Nemelex Xobeh
Okawaru
Qazlal
Ru
Sif Muna
Trog
Uskayaw
Vehumet
Xom
Yredelemnul
Zin
The Shining One

Annotations:
D:3 exclusion: orc wizard
D:4 exclusion: ogre
D:5 exclusion: ogre
D:7 exclusion: 2 downstairs


Innate Abilities, Weirdness & Mutations

Your body is rotting away.
You thrive on raw meat.
You are immune to poison.
You have sharp fingernails.
You are carnivorous and can eat meat at any time.
Your flesh is cold resistant. (rC+)
You are immune to negative energy. (rN+++)
You do not regenerate when monsters are visible.
You are immune to unholy pain and torment.
You can survive without breathing.
Your life essence is reduced to manifest your ancestor. (-10% HP)


Message History

Found a royal jelly.
There is a stone staircase leading up here.
The killer bee buzzes angrily.
The porcupine bites you!
* * * LOW HITPOINT WARNING * * *
The wolf barely misses you.
A killer bee comes into view.
Unknown command.
Your icy armour evaporates.
The wolf bites you!
* * * LOW HITPOINT WARNING * * *
Unknown command.
It was a potion of haste.
You feel yourself speed up. The wolf completely misses you.
It was a potion of curing.
You feel better. The wolf bites you!
* * * LOW HITPOINT WARNING * * *
Okay, then.
An orc comes into view. It is wielding a hand axe.
You feel better. The wolf bites you!
You die...

#.## ...
####.#
..#.#####
#.......#
#.......#
#yr.....###
#h#<.......
#@#...y..##
#.#.....##
#.#....#y#
#.#.#.## y#
..#...# %
......#
.####.# .o


You could see a wolf, a porcupine, a killer bee and an orc (sleeping).

Vanquished Creatures
  A deep elf mage (D:7)
  A bullfrog (D:7)
  A wight (D:7)
  2 crimson imps (D:5)
  A hound (D:7)
  A centaur skeleton (D:7)
  An orc wizard (D:6)
  A bullfrog skeleton (D:5)
  A merfolk siren (Sewer)
  6 worker ants
  A worker ant zombie (D:6)
  A gnoll (D:5)
  4 adders
  A river rat (Sewer)
  An ooze (D:3)
  An adder skeleton (D:4)
  A worm (D:4)
  A dart slug (D:1)
  10 leopard geckos
  4 orcs
  4 ball pythons
  5 bats
  6 giant cockroaches
  4 goblins (D:1)
  A hobgoblin (D:1)
  3 jackals
  2 kobolds
  A quokka (D:2)
  11 frilled lizards
  24 rats
102 creatures vanquished.

Vanquished Creatures (collateral kills)
  An ogre (D:5)
  A centaur (D:5)
  A quasit (D:5)
  A centaur skeleton (D:5)
  A worker ant (D:7)
  A merfolk avatar (Sewer)
  An adder (D:5)
  An orc (D:6)
  A giant cockroach (D:4)
  A jackal (D:5)
  A quokka (D:4)
  A jackal zombie (D:7)
12 creatures vanquished.

Vanquished Creatures (others)
  An ancestor (D:4)
1 creature vanquished.

Grand Total: 115 creatures vanquished

Notes
Turn   | Place    | Note
-------+----------+-------------------------------------------
     0 | D:1      | Lavandula the Ghoul Ice Elementalist began the quest for the Orb.
     0 | D:1      | Reached XP level 1. HP: 14/14 MP: 2/2
   120 | D:1      | Reached XP level 2. HP: 20/20 MP: 2/4
   410 | D:2      | Reached XP level 3. HP: 26/26 MP: 0/5
   426 | D:2      | Reached skill level 1 in Unarmed Combat
   574 | D:4      | Noticed an ogre
   592 | D:4      | Reached skill level 1 in Fighting
   608 | D:4      | Reached XP level 4. HP: 28/37 MP: 0/6
   640 | D:4      | Found a glowing drain.
   683 | D:4      | Learned a level 3 spell: Ozocubu's Armour
   725 | Sewer    | Entered a sewer
   827 | Sewer    | Reached XP level 5. HP: 35/44 MP: 0/8
  1022 | Sewer    | Noticed a malarious merfolk avatar
  1050 | Sewer    | Learned a level 4 spell: Summon Ice Beast
  1104 | Sewer    | Killed a malarious merfolk avatar
  1370 | D:5      | Entered Level 5 of the Dungeon
  1377 | D:5      | Reached XP level 6. HP: 43/50 MP: 4/10
  1395 | D:5      | Found a staircase to the Ecumenical Temple.
  1401 | Temple   | Entered the Ecumenical Temple
  1426 | Temple   | Upgraded the game from 0.21-a0-201-g8501b10 to 0.21-a0-203-gb066a6e
  1432 | Temple   | Became a worshipper of Hepliaklqana the Forgotten
  1811 | D:5      | Reached XP level 7. HP: 18/50 MP: 3/11
  1841 | D:5      | Reached skill level 5 in Ice Magic
  1879 | D:5      | Found a shadowy altar of Dithmenos.
  2066 | D:6      | Reached skill level 1 in Summonings
  2183 | D:6      | Found a sparkling altar of Nemelex Xobeh.
  2203 | D:7      | Reached * piety under Hepliaklqana
  2381 | D:8      | Noticed a two-headed ogre
  2498 | D:7      | Reached XP level 8. HP: 38/54 MP: 7/12
  2540 | D:7      | Noticed a deep elf mage
  2549 | D:7      | Killed a deep elf mage
  2549 | D:7      | Reached skill level 5 in Summonings
  2572 | D:8      | Noticed a two-headed ogre
  2583 | D:9      | HP: 1/55 [wolf (11)]
  2587 | D:9      | Slain by a wolf

Vault maps used:
D:1:      zaba_arrival_water
D:2:      minmay_vboxes
D:3:      chequers_ecumenical_altar_simple, minmay_parallelograms, uniq_grinder
D:4:      gup_sewer_entry_pipe, first_bread, fountainhead
D:5:      minmay_temple_entry_fiery, corexii_hall_statues_l,
          nicolae_dithmenos_shadow_blocks, uniq_crazy_yiuf_cottage
D:6:      serial_shops, shop, basic_altar
D:7:      guppyfry_early_elven_hall
D:8:      lemuel_castle_with_subvaults, lemuel_round_altar,
          minmay_lair_entry_grove
D:9:      david_nohive_1, minmay_liquid_box, serial_bayou_pond_d,
          minmay_ruffians
Temple:   compressed_dpeg_circular_temple
Sewer:    sewer_sea

Skill      XL: |  1  2  3  4  5  6  7  8 |
---------------+-------------------------+-----
Spellcasting   | 2 3 |  3.6
Ice Magic      | 4 5 |  5.9
Unarmed Combat | 1 2 4 |  4.6
Fighting       | 2 |  2.8
Summonings     | 3 5 |  5.3
Dodging        | |  1.7
Stealth        | |  2.1
Conjurations   | |  0.7

Action                   |  1- 3 |  4- 6 |  7- 9 || total
-------------------------+-------+-------+-------++-------
Melee: Unarmed           |    21 |   113 |    37 ||   171
       Punch             |       |       |     2 ||     2
 Cast: Freeze            |    41 |    75 |    44 ||   160
       Ozocubu's Armour  |       |     1 |     3 ||     4
       Summon Ice Beast  |       |     1 |       ||     1
Invok: Recall Ancestor   |       |     1 |       ||     1
  Use: Scroll            |     3 |     1 |     2 ||     6
       Potion            |       |       |     3 ||     3
 Stab: Sleeping          |       |     6 |       ||     6
  Eat: Chunk             |     3 |    25 |     6 ||    34
Armor: Robe              |    11 |    16 |       ||    27
       Leather armour    |       |    27 |    15 ||    42
Dodge: Dodged            |    34 |    97 |    40 ||   171
